 Dungeon Crawl Stone Soup version 0.26-a0-597-gb535b0901c (webtiles) character file.

Game seed: 2485386966445279959

63 Lanoc the Skirmisher (level 3, -4/31 HPs)
             Began as a Demonspawn Abyssal Knight on Sept 3, 2020.
             Was a Believer of Lugonu.
             Slain by a gnoll
             ... wielding a +0 halberd
              (15 damage)
             ... on level 2 of the Dungeon.
             The game lasted 00:01:41 (1186 turns).

Lanoc the Skirmisher (Demonspawn Abyssal Knight)    Turns: 1186, Time: 00:01:42

Health: -4/31      AC:  3    Str: 12    XL:     3   Next: 87%
Magic:  0/5        EV: 12    Int: 13    God:    Lugonu [**....]
Gold:   95         SH:  0    Dex: 15    Spells: 2/2 levels left

rFire    . . .     SeeInvis .   a - +1 spear
rCold    . . .     Faith    .   (no shield)
rNeg     . . .     Spirit   +   b - +0 leather armour
rPois    .         Reflect  .   (no helmet)
rElec    .         Harm     .   (no cloak)
rCorr    .                      (no gloves)
MR       +....                  (no boots)
Stlth    +.........             c - amulet of the acrobat
HPRegen  0.10/turn              (no ring)
MPRegen  0.09/turn              (no ring)

@: no status effects
A: agile 1, magic resistance 1, robust 1, magic shield, MP-powered wands
a: Depart the Abyss, Bend Space, Renounce Religion


You were on level 2 of the Dungeon.
You worshipped Lugonu.
Lugonu was pleased with you.
You visited 1 branch of the dungeon, and saw 3 of its levels.
You visited the Abyss 1 time.

You collected 95 gold pieces.

Inventory:

Hand Weapons
 a - a +1 spear (weapon)
Armour
 b - a +0 leather armour (worn)
Jewellery
 c - an amulet of the acrobat (around neck)


   Skills:
 + Level 3.5 Fighting
 - Level 1.7 Polearms
 + Level 2.4 Armour
 + Level 1.7 Dodging
 + Level 3.4 Invocations


You had 2 spell levels left.
You didn't know any spells.
Your spell library contained the following spells:

 Spells                   Type           Power        Failure   Level
 Animate Skeleton         Necr           #.....       36%         1
 Apportation              Tloc           #.....       36%         1
 Corona                   Hex            #......      36%         1
 Summon Small Mammal      Summ           #...         36%         1


Dungeon Overview and Level Annotations

Branches:
Dungeon (3/15)

Altars:
Hepliaklqana
Okawaru
Ru


Innate Abilities, Weirdness & Mutations

When hurt, damage is shared between your health and your magic reserves.
You are agile. (Dex +2)
You are resistant to hostile enchantments. (MR+)
You are robust. (+10% HP)
You expend magic power (3 MP) to strengthen your wands.


Message History

A gnoll is nearby!
Evoke which item? (* to show all) (? for menu, Esc to quit)
Okay, then.
It was a potion of mutation.
You feel extremely strange.
You feel agile.
You feel robust.
You feel your magical essence link to the dungeon's wands.
You feel resistant to hostile enchantments.
Attack whom?
Press: ? - help, Dir - move target cursor, f - gnoll
Aim: a gnoll, wielding a +0 halberd You reach to attack!
You hit the gnoll.
The gnoll is moderately wounded.
The gnoll hits you from afar with a +0 halberd.
Attack whom?
Press: ? - help, Dir - move target cursor, f/p - gnoll
Aim: a gnoll, wielding a +0 halberd (moderately wounded)
You reach to attack!
You hit the gnoll.
The gnoll is heavily wounded.
The gnoll hits you from afar with a +0 halberd!!
You die...

.##### #.# ...((#
#.# ..##.# #.#
...#(# #.#
..##.###.#
.##...##### ####
.##...##..###gg##
(##ยง..###.##.##.##
.####.gg##.##.##@#
.# ####.##.##.###
.# #...#...# .#
######### .# .# .#
.. ..


You could see 2 gnolls.

Vanquished Creatures
  An adder (D:2)
  A worm (D:2)
  5 dart slugs
  2 leopard geckos (D:2)
  2 giant cockroaches (D:1)
  4 goblins
  4 hobgoblins (D:2)
  2 jackals (D:1)
  6 bats
  4 frilled lizards
  5 kobolds
  3 rats
39 creatures vanquished.

Notes
Turn   | Place    | Note
-------+----------+-------------------------------------------
     0 | Abyss:1  | Lanoc the Demonspawn Abyssal Knight began the quest for the
                  | Orb.
     0 | Abyss:1  | Reached XP level 1. HP: 18/18 MP: 2/2
     8 | D:1      | Escaped the Abyss
    20 | D:1      | Reached skill level 1 in Dodging
   127 | D:1      | Gained mutation: When hurt, damage is shared between your
                  | health and your magic reserves. [demonic ancestry]
   127 | D:1      | Reached XP level 2. HP: 24/24 MP: 4/4
   502 | D:2      | Found an iron altar of Okawaru.
   519 | D:2      | Reached ** piety under Lugonu
   550 | D:2      | Reached XP level 3. HP: 25/29 MP: 3/5
   734 | D:2      | Found a hazy altar of Hepliaklqana.
  1082 | D:2      | Found a sacrificial altar of Ru.
  1184 | D:2      | Gained mutation: You are agile. (Dex +2) [potion of
                  | mutation]
  1184 | D:2      | Gained mutation: You are robust. (+10% HP) [potion of
                  | mutation]
  1184 | D:2      | Gained mutation: You expend magic power (3 MP) to
                  | strengthen your wands. [potion of mutation]
  1184 | D:2      | Gained mutation: You are resistant to hostile enchantments.
                  | (MR+) [potion of mutation]
  1186 | D:2      | Slain by a gnoll

Illustrated notes

Levels and vault maps discovered:
D:1:      minmay_arrival_semitransparent, layout_basic
D:2:      layout_loops_corners, marbit_many_paths, lemuel_doored_altar,
          overflow_temple_1_default
D:3:      layout_basic, grunt_temple_overflow_order_and_chaos_1, st_stairs_3,
          fedhas_altar_fruit_tree, uniq_sigmund

Skill      XL: |  1  2 |
---------------+-------+-----
Dodging        | 1 |  1.7
Armour         | 2 |  2.4
Invocations    | 3 |  3.4
Fighting       | |  3.5
Polearms       | |  1.7

Action                   || total
-------------------------++-------
Melee: Spear             ||   137
Invok: Bend Space        ||     1
  Use: Potion            ||     1
Armor: Leather armour    ||    37
Dodge: Dodged            ||    77

Table legend: (Time is in decaauts)
 A = Elapsed time spent in this place.
 B = Non-inter-level travel time spent in this place.
 C = Inter-level travel time spent in this place.
 D = Time resting spent in this place.
 E = Time spent auto-exploring this place.
 F = Levels seen in this place.
 G = Mean time per level.
                   A        B        C        D        E       F      G
               +--------+--------+--------+--------+--------+-----+--------+
         Total |   1188 |   1164 |     24 |      0 |    918 |   4 |  297.0 |
       Dungeon |   1180 |   1156 |     24 |      0 |    915 |   3 |  393.3 |
         Abyss |      8 |      8 |      0 |      0 |      3 |   1 |    8.0 |
               +--------+--------+--------+--------+--------+-----+--------+

Top non-repeatable levels by time:
     D:2: 758 daAuts
     D:1: 419 daAuts
 Abyss:1: 8 daAuts
     D:3: 1 daAuts
